 Dungeon Crawl Stone Soup version 0.31-a0-1227-g0136665373 (webtiles) character file.

Game seed: 15744901671799322787

12495 Iich the Cleaver (level 11, -6/89 HPs)
             Began as a Demonspawn Fighter on Dec 13, 2023.
             Was an Initiate of Gozag.
             Mangled by Fannar
             ... wielding a staff of cold
              (13 damage)
             ... on level 1 of the Lair of Beasts on Dec 14, 2023.
             The game lasted 00:27:11 (14732 turns).

Iich the Cleaver (Demonspawn Fighter)              Turns: 14732, Time: 00:27:13

Health: -6/89      AC: 26    Str: 23    XL:     11   Next: 63%
Magic:  11/11      EV: 12    Int:  8    God:    Gozag
Gold:   765        SH: 13    Dex: 14    Spells: 10/10 levels left

rFire   . . .        p - +1 broad axe
rCold   . . .        v - +0 tower shield
rNeg    . . .        L - +2 ring mail {rPois}
rPois   +            (helmet restricted)
rElec   .            a - +2 cloak
rCorr   .            f - +2 pair of gloves {Str+3}
SInv    .            C - +2 pair of boots
Will    .....        (no amulet)
Stlth   +            (no ring)
HPRegen 0.34/turn    (no ring)
MPRegen 0.12/turn

%: no passive effects
@: mighty, gold aura, sanguine armoured, on berserk cooldown, hasted and slowed
A: claws 2, ignite blood 1, spiny 1, sanguine armour 2, hooves 1, horns 2
a: Renounce Religion, Potion Petition, Call Merchant, Bribe Branch


You were on level 1 of the Lair of Beasts.
You worshipped Gozag.
Gozag was pleased with you.
You visited 2 branches of the dungeon, and saw 14 of its levels.
You also visited: Bailey.

You collected 1964 gold pieces.
You spent 33 gold pieces at shops.
You paid 1166 gold pieces to Gozag.

Inventory:

Hand Weapons
 p - a +1 broad axe (weapon)
 I - a +1 war axe of flaming
Missiles
 q - a throwing net (quivered)
Armour
 a - a +2 cloak (worn)
 c - a +0 buckler
 f - a +2 pair of gloves of strength (worn)
 t - a +0 chain mail
 v - a +0 tower shield (worn)
 C - a +2 pair of boots (worn)
 F - a +0 plate armour
 L - a +2 ring mail of poison resistance (worn)
Wands
 i - a wand of flame (4)
 u - a wand of charming (6)
 y - a wand of polymorph (1)
 H - a wand of quicksilver (6)
 K - a wand of roots (5)
Scrolls
 b - a scroll of revelation
 e - 4 scrolls of fog
 g - 2 scrolls of fear
 k - a scroll of vulnerability
 r - 4 scrolls of poison
 s - 2 scrolls of amnesia
 w - a scroll of torment
 B - 2 scrolls of blinking
Potions
 d - a potion of might
 h - 3 potions of haste
 j - a potion of degeneration
 l - 4 potions of heal wounds
 m - a potion of ambrosia
 n - a potion of resistance
 o - a potion of lignification
 x - 2 potions of brilliance
 z - a potion of attraction
 A - a potion of cancellation
 D - a potion of invisibility
 E - 2 potions of magic
 J - a potion of curing {unknown}


   Skills:
 + Level 9.4 Fighting
 * Level 11.6 Axes
 - Level 5.1 Armour
 + Level 8.0 Dodging
 + Level 4.9 Shields


You had 10 spell levels left.
You didn't know any spells.
Your spell library contained the following spells:

 Spells                   Type           Power      Damage    Failure   Level
 Slow                     Hex            0%         N/A       98%         1
 Wereblood                Tmut           0%         N/A       99%         2
 Confusing Touch          Hex            0%         N/A       100%        3
 Frozen Ramparts          Ice            0%         1d1       100%        3
 Ozocubu's Armour         Ice            0%         N/A       100%        3
 Sigil of Binding         Hex            0%         N/A       100%        3
 Vampiric Draining        Necr           0%         2d6       100%        3
 Cause Fear               Hex            0%         N/A       100%        4
 Petrify                  Tmut/Erth      0%         N/A       100%        4
 Fireball                 Conj/Fire      0%         3d3       100%        5
 Irradiate                Conj/Tmut      0%         3d11      100%        5
 Metabolic Englaciation   Hex/Ice        0%         N/A       100%        5
 Ozocubu's Refrigeration  Ice            0%         4d7       100%        7
 Dragon's Call            Summ           0%         N/A       100%        9


Dungeon Overview and Level Annotations

Branches:
Dungeon (13/15)            Temple (0/1) D:5            Lair (1/5) D:9
    Orc (0/2) D:11         Bailey (visited)
 Vaults: D:13-14

Altars:
Gozag
Kikubaaqudgha
Makhleb
Qazlal
Ru
Sif Muna
Uskayaw
Wu Jian
Yredelemnul

Shops:
D:5 *   D:11 [

Annotations:
D:8 1 runed translucent door, particleface's ghost, novice OpBr
Lair:1 Fannar


Innate Abilities, Weirdness & Mutations

You have very sharp fingernails.
Your demonic aura sometimes causes spilled blood to erupt in flames.
You are partially covered in sharp spines.
When seriously injured, your blood forms thick armour. (AC +9)
You have large cloven feet.
You have a pair of horns on your head.


Message History

Your Dodging skill increases to level 8!
You take 51 damage, and have 51/133 hp. !!!!--MASSIVE DAMAGE--!!!!
You are too injured to fight recklessly!
Unknown command.
You are too injured to fight recklessly!
Unknown command.
You are too injured to fight recklessly!
The ice beast barely misses you. Fannar casts a spell at you.
The bolt of cold misses you.
Things that are here:
9 gold pieces; a +0 dagger; a +2 robe of cold resistance You barely miss Fannar.
You slash the ice beast!
You kill the ice beast!
The ice beast disappears in a puff of smoke!
Fannar hits you but does no damage. Fannar freezes you!
* * * LOW HITPOINT WARNING * * *
You take 9 damage, and have 43/133 hp.
You closely miss Fannar. You headbutt Fannar!!
Fannar is moderately wounded.
You hit Fannar. Your headbutt misses Fannar.
Fannar is moderately wounded.
Fannar gestures wildly while chanting.
Fannar drains the heat from the surrounding environment!
* * * LOW HITPOINT WARNING * * *
You closely miss Fannar.
Fannar is moderately wounded.
Fannar brushes some snowflakes from their robe.
Fannar is struck by your spines. Fannar hits you but does no damage.
Fannar freezes you.
* * * LOW HITPOINT WARNING * * *
You take 33 damage, and have 10/133 hp. !!!!--MASSIVE DAMAGE--!!!!
You are no longer berserk.
You are exhausted.
You feel yourself slow down.
Fannar says, "An icy embrace awaits you..."
Fannar attacks as they pursue you! Fannar hits you but does no damage.
Fannar freezes you!
You die...
Your body crumbles into a pile of gold.

.....# #.... #.#
...... ..... #.#
#......
.....###.####.......
....................
....................
....................
........$...........
#......@e...##.##...
.....######## .. +..
e.. # ... .. .


You could see Fannar.

Vanquished Creatures
  A centaur warrior (D:13)
  A two-headed ogre (D:9)
  A fire crab (Bailey)
  Nergalle (Lair:1)
  Maurice (D:9)
  A manticore (D:13)
  A gargoyle (D:11)
  Joseph (D:7)
  An unseen horror (D:10)
  2 kobold demonologists (D:11)
  2 komodo dragons
  3 trolls
  Grinder (D:6)
  9 slime creatures
  3 wyverns
  A wraith (D:13)
  A vampire (D:11)
  2 steam dragons (D:8)
  4 orc warriors
  A sky beast (D:7)
  3 ice beasts
  The ghost of BigPumpCobain the Covered, an amateur MiFi (D:6)
  2 black bears
  2 ogres
  3 centaurs
  3 bullfrogs
  2 gnoll sergeants
  3 scorpions
  5 wights (D:9)
  5 killer bees (D:8)
  8 howler monkeys
  4 hounds
  4 jellies
  8 orc priests
  2 gnoll boudas
  3 iguanas
  19 orc wizards
  25 gnolls
  5 adders
  2 white imps
  2 ufetubi (D:6)
  3 worms
  2 dart slugs
  60 orcs
  7 ball pythons
  4 endoplasms
  3 giant cockroaches
  7 goblins
  6 hobgoblins
  3 quokkas
  3 bats
  3 frilled lizards
  6 kobolds
  4 rats
260 creatures vanquished.

Vanquished Creatures (others)
  A killer bee (D:8)
  2 gnolls
3 creatures vanquished.

Grand Total: 263 creatures vanquished

Notes
Turn   | Place    | Note
-------+----------+-------------------------------------------
     0 | D:1      | Iich the Demonspawn Fighter began the quest for the Orb.
     0 | D:1      | Reached XP level 1. HP: 18/18 MP: 1/1
    50 | D:1      | Reached skill level 2 in Axes
   166 | D:1      | Gained mutation: Your demonic aura sometimes causes spilled
                  | blood to erupt in flames. [demonic ancestry]
   166 | D:1      | Reached XP level 2. HP: 24/24 MP: 2/2
   965 | D:2      | Reached skill level 1 in Dodging
   965 | D:2      | Gained mutation: When seriously injured, your blood forms
                  | armour. (AC +9) [demonic ancestry]
   965 | D:2      | Reached XP level 3. HP: 18/29 MP: 3/3
  1768 | D:3      | Reached skill level 3 in Axes
  1946 | D:3      | Reached XP level 4. HP: 35/35 MP: 4/4
  2669 | D:4      | Noticed a scorpion
  2681 | D:4      | Killed a scorpion
  2682 | D:4      | Reached XP level 5. HP: 20/42 MP: 5/5
  2854 | D:4      | Found a sacrificial altar of Ru.
  2906 | D:4      | Reached skill level 4 in Axes
  2923 | D:4      | Gained mutation: You are partially covered in sharp spines.
                  | [demonic ancestry]
  2923 | D:4      | Reached XP level 6. HP: 27/48 MP: 6/6
  3155 | D:4      | Found an opulent altar of Gozag.
  3175 | D:4      | Became a worshipper of Gozag Ym Sagoz the Greedy
  3409 | D:5      | Entered Level 5 of the Dungeon
  3428 | D:5      | Reached skill level 5 in Axes
  3606 | D:5      | Gained mutation: When seriously injured, your blood forms
                  | thick armour. (AC +9) [demonic ancestry]
  3606 | D:5      | Reached XP level 7. HP: 49/55 MP: 7/7
  3608 | D:5      | Found a staircase to the Ecumenical Temple.
  3675 | D:5      | Reached skill level 5 in Fighting
  3861 | D:5      | Reached skill level 6 in Axes
  3954 | D:5      | Found an ancient bone altar of Kikubaaqudgha.
  3985 | D:5      | Gained mutation: You have sharp fingernails. [demonic
                  | ancestry]
  3985 | D:5      | Reached XP level 8. HP: 59/63 MP: 8/8
  4185 | D:5      | Found Pucafuid's General Store.
  4197 | D:5      | Bought a scroll of teleportation for 33 gold pieces
  4545 | D:6      | Noticed Grinder
  4559 | D:6      | Paralysed by Grinder for 2 turns
  4561 | D:6      | Killed Grinder
  4737 | D:6      | Reached skill level 7 in Axes
  4842 | D:6      | Gained mutation: You have a pair of small horns on your
                  | head. [potion of mutation]
  4842 | D:6      | Gained mutation: Your mind is acute. (Int +4, Str/Dex -1)
                  | [potion of mutation]
  5314 | D:6      | Noticed BigPumpCobain's ghost (amateur MiFi)
  5316 | D:6      | Found a runed translucent gate.
  5327 | D:6      | Found a runed translucent gate.
  5328 | D:6      | Found a runed translucent gate.
  5371 | D:6      | Found a hide-covered altar of Uskayaw.
  7110 | D:6      | Killed BigPumpCobain's ghost
  7111 | D:6      | Reached skill level 5 in Dodging
  7119 | D:6      | Reached XP level 9. HP: 32/71 MP: 9/9
  7394 | D:7      | Noticed Joseph
  7404 | D:7      | Killed Joseph
  7405 | D:7      | Reached skill level 8 in Axes
  7492 | D:7      | Found an ornate altar of the Wu Jian Council.
  7593 | D:7      | Found a flagged portal.
  7678 | Bailey   | Entered a bailey
  8111 | Bailey   | Noticed an orc knight
  8117 | Bailey   | an orc knight changed into a fire crab
  8117 | Bailey   | Noticed a fire crab
  8132 | Bailey   | HP: 1/59 [fire crab/blast of flame (3)]
  8138 | Bailey   | Killed a fire crab
  8139 | Bailey   | Reached skill level 9 in Axes
  8704 | Bailey   | Lost mutation: Your mind is acute. (Int +4, Str/Dex -1)
                  | [potion of mutation]
  8704 | Bailey   | Lost mutation: You have a pair of small horns on your head.
                  | [potion of mutation]
  8704 | Bailey   | Gained mutation: You are agile. (Dex +4, Str/Int -1)
                  | [potion of mutation]
  8704 | Bailey   | Gained mutation: You occasionally lose the ability to read
                  | scrolls when taking damage. [potion of mutation]
  8705 | Bailey   | Lost mutation: You are agile. (Dex +4, Str/Int -1) [potion
                  | of mutation]
  8705 | Bailey   | Lost mutation: You occasionally lose the ability to read
                  | scrolls when taking damage. [potion of mutation]
  8705 | Bailey   | Gained mutation: Your body sometimes deteriorates upon
                  | taking damage. [potion of mutation]
  8705 | Bailey   | Gained mutation: Your magical capacity is low. (-10% MP)
                  | [potion of mutation]
  8706 | Bailey   | Lost mutation: Your body sometimes deteriorates upon taking
                  | damage. [potion of mutation]
  8706 | Bailey   | Lost mutation: Your magical capacity is low. (-10% MP)
                  | [potion of mutation]
  8706 | Bailey   | Gained mutation: You have very sharp fingernails. [potion
                  | of mutation]
  8706 | Bailey   | Gained mutation: You have hidden genetic potential. [potion
                  | of mutation]
  8706 | Bailey   | Gained mutation: You have large cloven feet. [potion of
                  | mutation]
  9202 | D:8      | Reached XP level 10. HP: 79/79 MP: 10/10
  9221 | D:8      | Found a runed translucent door.
  9226 | D:8      | Identified the +8 spear of Baix {heavy, *Rage rF+++ rCorr
                  | SInv}
  9226 | D:8      | Noticed particleface's ghost (novice OpBr)
  9384 | D:8      | Found a stormy altar of Qazlal.
  9487 | D:8      | Reached skill level 5 in Armour
  9837 | D:8      | Identified the +0 lajatang of Darkness {heavy, rElec
                  | Stlth+}
 10000 | D:9      | Found a shimmering blue altar of Sif Muna.
 10311 | D:9      | Noticed Maurice
 10316 | D:9      | Something stole 3 throwing nets
 10348 | D:9      | Something stole a ring of wizardry
 10352 | D:9      | Found a burning altar of Makhleb.
 10354 | D:9      | Maurice stole a +1 war axe of flaming
 10356 | D:9      | Something stole a +0 tower shield
 10358 | D:9      | Something stole 205 gold
 10366 | D:9      | Something stole 344 gold
 10368 | D:9      | Killed Maurice
 10369 | D:9      | Reached skill level 10 in Axes
 10369 | D:9      | Gained mutation: You have a pair of small horns on your
                  | head. [hidden potential]
 10638 | D:9      | Found a staircase to the Lair.
 10939 | D:9      | Noticed a two-headed ogre
 10946 | D:9      | Killed a two-headed ogre
 11152 | D:10     | Entered Level 10 of the Dungeon
 11601 | D:10     | Found a basalt altar of Yredelemnul.
 11800 | Lair:1   | Entered Level 1 of the Lair of Beasts
 11805 | Lair:1   | Noticed Nergalle
 11813 | Lair:1   | Noticed Fannar
 11814 | Lair:1   | HP: 3/76 [black bear (1)]
 12143 | D:9      | Upgraded the game from 0.31-a0-1206-g41278d8d1d to
                  | 0.31-a0-1227-g0136665373
 12403 | D:11     | Found Urohobb's Armour Emporium.
 12410 | D:11     | Found a staircase to the Orcish Mines.
 12659 | D:11     | Reached XP level 11. HP: 48/86 MP: 11/11
 13502 | D:11     | HP: 2/87 [smoke demon/ball of steam[a kobold demonologist]
                  | (24)]
 13503 | D:11     | You fall into a shaft and drop 2 floors!
 13757 | D:13     | Noticed a centaur warrior
 13766 | D:13     | Killed a centaur warrior
 13767 | D:13     | Reached skill level 11 in Axes
 13894 | D:13     | Gained mutation: You have a pair of horns on your head.
                  | [hidden potential]
 13894 | D:13     | Lost mutation: You have hidden genetic potential. [hidden
                  | potential expressed]
 14564 | D:13     | Noticed a vault guard
 14726 | Lair:1   | Killed Nergalle
 14732 | Lair:1   | Mangled by Fannar

Illustrated notes

Levels and vault maps discovered:
D:1:      dpeg_arrival_shrine, layout_basic, minmay_box_of_dots
D:2:      layout_basic
D:3:      layout_basic
D:4:      layout_rooms, grunt_gozag_statues, old_standard_altar, zin_scriptorium
D:5:      layout_basic, nicolae_overflow_crystal_walls,
          minmay_temple_entry_drinking_statues, serial_shops,
          nicolae_shop_rolling_square
D:6:      layout_layer_cave, eat_drink_and_be_merry_uskayaw,
          biasface_ghost_orc_armoury, serial_bayou, serial_bayou_pond_d,
          serial_bayou_lake_a, serial_bayou_lagoon_a, serial_bayou_ford_a,
          serial_bayou_pond_d, uniq_grinder
D:7:      layout_basic, kennysheep_mini, enter_bailey_3, uniq_joseph
D:8:      layout_cave_pools, mainiacjoe_overflow_cross_hatched,
          mainiacjoe_overflow_alcove_2, ebering_ghost_funeral_grove
D:9:      layout_long_grid, lemuel_doored_altar,
          mainiacjoe_overflow_small_starburst, david_lair_shrubbed, uniq_maurice
D:10:     layout_irregular_city, lemuel_crystal_altar
D:11:     layout_loops_ring, minmay_orc_entry_temple_small, serial_shops, shop,
          hangedman_decor_lopped
D:12:     layout_rooms, serial_curves, eino_curves_01, eino_curves_04,
          eino_curves_04, eino_curves_01
D:13:     layout_loops_ring, grunt_vaults_entry_fortified, uniq_rupert
Lair:1:   layout_regular_city, grunt_megastairs_4, uniq_nergalle, uniq_fannar

Skill      XL: |  1  2  3  4  5  6  7  8  9 10 11 |
---------------+----------------------------------+-----
Axes           | 2 3 4 5 6 7 9 10 11 | 11.6
Dodging        | 1 2 3 5 6 7 8 |  8.0
Fighting       | 4 5 6 7 8 9 |  9.4
Armour         | 3 4 5 |  5.1
Shields        | 3 4 |  4.9

Action                     |  1- 3 |  4- 6 |  7- 9 | 10-12 || total
---------------------------+-------+-------+-------+-------++-------
  Melee: War axe           |    99 |   109 |       |       ||   208
         Broad axe         |    22 |    23 |   239 |   247 ||   531
         Headbutt          |       |       |    35 |    43 ||    78
 Invoke: Potion Petition   |       |       |     1 |     2 ||     3
  Evoke: Wand              |       |       |     4 |     1 ||     5
    Use: Potion            |     3 |       |    10 |     4 ||    17
         Scroll            |     3 |     3 |     6 |     8 ||    20
   Stab: Distracted        |       |       |     1 |     2 ||     3
 Armour: Scale mail        |    43 |       |       |       ||    43
         Chain mail        |    55 |    90 |   245 |    14 ||   404
         Plate armour      |       |       |       |   259 ||   259
         Ring mail         |       |       |       |    10 ||    10
  Dodge: Dodged            |    32 |    57 |   116 |    81 ||   286
  Block: Buckler           |    35 |    26 |    65 |    26 ||   152
         Tower shield      |       |       |       |   136 ||   136

Table legend: (Time is in decaauts)
 A = Elapsed time spent in this place.
 B = Non-inter-level travel time spent in this place.
 C = Inter-level travel time spent in this place.
 D = Time resting spent in this place.
 E = Time spent auto-exploring this place.
 F = Levels seen in this place.
 G = Mean time per level.
                   A        B        C        D        E       F      G
               +--------+--------+--------+--------+--------+-----+--------+
         Total |  15044 |  14190 |    854 |   1957 |   9949 |  15 | 1002.9 |
       Dungeon |  13944 |  13092 |    852 |   1545 |   9462 |  13 | 1072.6 |
          Lair |     36 |     34 |      2 |      0 |      1 |   1 |   36.0 |
        Bailey |   1063 |   1063 |      0 |    412 |    486 |   1 | 1063.0 |
               +--------+--------+--------+--------+--------+-----+--------+

Top non-repeatable levels by time:
     D:6: 2924 daAuts
     D:9: 1660 daAuts
     D:5: 1221 daAuts
    D:11: 1205 daAuts
  Bailey: 1063 daAuts
     D:2: 1009 daAuts
     D:3: 926 daAuts
     D:4: 872 daAuts
    D:10: 846 daAuts
     D:7: 807 daAuts
     D:8: 767 daAuts
     D:1: 763 daAuts
    D:13: 642 daAuts
    D:12: 296 daAuts
  Lair:1: 36 daAuts
